 Dungeon Crawl Stone Soup version 0.30-a0-591-g3c58d2bc28 (webtiles) character file.

Game seed: 10026488752108389047

22 wormed the Insei (level 2, -30/18 HPs)
             Began as an Octopode Transmuter on Jan 4, 2023.
             Killed by an exploding kobold (48 damage)
             ... ignited by their inner flame
             ... on level 1 of the Dungeon.
             The game lasted 00:01:25 (996 turns).

wormed the Insei (Octopode Transmuter)               Turns: 996, Time: 00:01:26

Health: -30/18     AC:  1    Str:  9    XL:     2   Next: 91%
Magic:  5/5        EV: 13    Int: 15    God:
Gold:   10         SH:  0    Dex: 12    Spells: 2/5 levels left

rFire   . . .      SeeInvis .      - Unarmed
rCold   . . .      Faith    .    (no shield)
rNeg    . . .      Spirit   .    (helmet restricted)
rPois   .          Reflect  .    (no amulet)
rElec   .          Harm     .    (no ring)
rCorr   .          Rampage  .    (no ring)
Will    .....                    (no ring)
Stlth   ++                       (no ring)
HPRegen 0.23/turn                (no ring)
MPRegen 0.09/turn                (no ring)
                                 (no ring)
                                 (no ring)

@: no status effects
A: almost no armour, amphibious, 8 rings, camouflage 1, gelatinous body 1,
(nimble swimmer 1), tentacles
a: no special abilities


You were on level 1 of the Dungeon.
You visited 1 branch of the dungeon, and saw 1 of its levels.

You collected 35 gold pieces.
You spent 25 gold pieces at shops.

Inventory:

Scrolls
 e - a scroll of identify
Potions
 a - a potion of lignification
 c - a potion of mutation
 f - a potion of curing {unknown}
 g - a potion of heal wounds {unknown}


   Skills:
 - Level 1.0 Fighting
 - Level 2.0 Dodging
 - Level 3.0 Unarmed Combat
 + Level 2.2 Spellcasting
 * Level 2.7 Transmutations
 + Level 1.0 Ice Magic


You had 2 spell levels left.
You knew the following spells:

 Your Spells              Type           Power      Damage    Failure   Level
a - Beastly Appendage     Tmut           18%        N/A       7%          1
b - Wereblood             Tmut           9%         N/A       11%         2

Your spell library contained the following spells:

 Spells                   Type           Power      Damage    Failure   Level
 Spider Form              Tmut/Pois      5%         N/A       36%         3
 Ice Form                 Ice/Tmut       7%         N/A       69%         4


Dungeon Overview and Level Annotations

Branches:
Dungeon (1/15)

Altars:

Shops:
D:1 *


Innate Abilities, Weirdness & Mutations

You cannot wear most types of armour.
You are amphibious.
You can wear up to eight rings at the same time.
Your skin changes colour to match your surroundings (Stealth+).
Your rubbery body absorbs attacks. (AC +1, EV +1)
((You are camouflaged when in or above water. (Stealth+)))
You have tentacles for arms and can constrict up to eight enemies at once.


Message History

Done exploring.
Done exploring.
Memorise Wereblood, consuming 2 spell levels and leaving 2?
You start memorising the spell.
You continue memorising. x2
You finish memorising.
Spell assigned to 'b'.
Search for what [? for help]?
Okay, then.
Search for what [? for help]? .
There is an entrance to Gikukhura's Assorted Antiques here.
Unknown command.
i - a scroll labelled GUULIL BO YLI Thank you for shopping at Gikukhura's Assorted Antiques!
The air fills with toxic fumes!
As you read the scroll labelled YPASERCH WAQAWN, it crumbles to dust.
It was a scroll of poison.
As you read the scroll labelled QEODECZASSE, it crumbles to dust.
You hear a loud clanging noise!
It was a scroll of noise.
As you read the scroll labelled FIVACI GOGASMI, it crumbles to dust.
It is a scroll of identify.
c - a potion of mutation
As you read the scroll labelled RIEMET LISINK, it crumbles to dust.
Wisps of shadow whirl around you...
It was a scroll of summoning.
As you read the scroll labelled GUULIL BO YLI, it crumbles to dust.
The creatures around you are filled with an inner flame!
It was a scroll of immolation.
Your jackal is engulfed in poison gas.
Your jackal is poisoned.
Flame seeps out of your jackal.
Your jackal is engulfed in poison gas.
Your jackal is poisoned.
Flame seeps out of your jackal.
Your jackal is engulfed in poison gas.
Your jackal is poisoned.
Your jackal's corpse dissolves into shadows!
Your jackal explodes!
Your kobold is engulfed in poison gas.
Your kobold is poisoned.
Your kobold's corpse dissolves into shadows!
Your kobold explodes!
The fiery explosion engulfs you!!!
Ouch! That really hurt!
You die...

#####
#.#.############
#.#....§§§§§§hh#
#.#.#########§@#
#.#.# ##§# #.#.#
########g# #.#.#
#......§§# #.#.#
#.##################
#.#.# #.#
#####........# #.#.#
#.#####.....########
###.#.# #...........#
....#.#########.._.⌠#


You could see 2 friendly jackals and a friendly goblin (summoned, inner flame).

Vanquished Creatures
  4 bats (D:1)
  An endoplasm (D:1)
  2 giant cockroaches (D:1)
  2 hobgoblins (D:1)
  2 quokkas (D:1)
  3 ball pythons (D:1)
  A frilled lizard (D:1)
  A goblin (D:1)
  3 rats (D:1)
19 creatures vanquished.

Notes
Turn   | Place    | Note
-------+----------+-------------------------------------------
     0 | D:1      | wormed the Octopode Transmuter began the quest for the Orb.
     0 | D:1      | Reached XP level 1. HP: 13/13 MP: 3/3
   116 | D:1      | Found Gikukhura's Assorted Antiques.
   138 | D:1      | Found a faded altar of an unknown god.
   372 | D:1      | Reached XP level 2. HP: 18/18 MP: 3/5
   870 | D:1      | Reached skill level 1 in Ice Magic
   970 | D:1      | Learned a level 2 spell: Wereblood
   992 | D:1      | Bought a scroll labelled GUULIL BO YLI for 25 gold pieces
   996 | D:1      | Killed by an exploding kobold... ignited by their inner
                  | flame

Illustrated notes

Levels and vault maps discovered:
D:1:      dpeg_arrival_prison, layout_basic, hellmonk_ecumenical_altar_run_dry,
          serial_shops, shop

Skill      XL: |  1  2 |
---------------+-------+-----
Ice Magic      | 1 |  1.0
Fighting       | |  1.0
Dodging        | |  2.0
Unarmed Combat | |  3.0
Spellcasting   | |  2.2
Transmutations | |  2.7

Action                   || total
-------------------------++-------
Melee: Unarmed           ||    34
       Kick              ||    13
       Constrict         ||    11
       Tentacles         ||     4
       Punch             ||     2
 Cast: Beastly Appendage ||    13
  Use: Scroll            ||     5
 Stab: Sleeping          ||     5
Armor: Skin              ||     4
Dodge: Dodged            ||    27

Table legend: (Time is in decaauts)
 A = Elapsed time spent in this place.
 B = Non-inter-level travel time spent in this place.
 C = Inter-level travel time spent in this place.
 D = Time resting spent in this place.
 E = Time spent auto-exploring this place.
 F = Levels seen in this place.
 G = Mean time per level.
                   A        B        C        D        E       F      G
               +--------+--------+--------+--------+--------+-----+--------+
         Total |    993 |    971 |     22 |      0 |    832 |   1 |  993.0 |
       Dungeon |    993 |    971 |     22 |      0 |    832 |   1 |  993.0 |
               +--------+--------+--------+--------+--------+-----+--------+

Top non-repeatable levels by time:
     D:1: 993 daAuts
